 Dungeon Crawl Stone Soup version 0.30.1-9-gdf580d7c3d (webtiles) character file.

Game seed: 13581855185587435962

3563 KittyFluff the Protected (level 10, -7/63 HPs)
             Began as a Gargoyle Berserker on Oct 21, 2023.
             Was a High Priest of Trog.
             Mangled by a troll (10 damage)
             ... on level 9 of the Dungeon.
             The game lasted 00:30:56 (7953 turns).

KittyFluff the Protected (Gargoyle Berserker)       Turns: 7953, Time: 00:30:56

Health: -7/63      AC: 15    Str: 24    XL:     10   Next: 9%
Magic:  10/10      EV: 12    Int:  9    God:    Trog [*****.]
Gold:   255        SH:  0    Dex:  9    Spells: 9/9 levels left

rFire   + . .        a - +0 mace
rCold   . . .        (no shield)
rNeg    + . .        o - +3 ring mail of Painted Freedom {Rampage rF+ SInv}
rPois   ∞            g - +2 hat
rElec   +            (no cloak)
rCorr   .            (no gloves)
SInv    +            (no boots)
Will    +....        (no amulet) Stlth
                     R - +4 ring of slaying
HPRegen 0.30/turn    O - ring of willpower
MPRegen 0.12/turn

%: rampage
@: corroded
A: sickness immunity, AC +7, negative energy resistance 1, electricity
resistance, torment resistance 1, petrification resistance
a: Renounce Religion, Berserk, Trog's Hand, Brothers in Arms


You were on level 9 of the Dungeon.
You worshipped Trog.
Trog was extremely pleased with you.
You visited 1 branch of the dungeon, and saw 9 of its levels.
You also visited: Sewer and Ossuary.

You collected 617 gold pieces.
You spent 362 gold pieces at shops.

Inventory:

Hand Weapons
 a - a +0 mace (weapon)
 C - a +0 shortbow
 P - a +2 dire flail
 Q - a +4 morningstar
Missiles
 e - 6 silver javelins
 m - 5 curare-tipped darts
 r - 5 boomerangs (quivered)
 s - 9 javelins
 T - 2 poisoned darts
Armour
 g - a +2 hat (worn)
 o - the +3 ring mail of Painted Freedom (worn) {Rampage rF+ SInv}
   (You found it on level 2 of the Dungeon)

   rF:        It protects you from fire.
   SInv:      It lets you see invisible.
   Rampage:   It bestows one free step when moving towards enemies.
 A - a +1 leather armour of willpower
 L - a +0 pair of boots of rampaging
Jewellery
 b - a ring of fire
 k - a +4 ring of protection
 K - a ring of fire
 O - a ring of willpower (right hand)
 R - a +4 ring of slaying (left hand)
Wands
 t - a wand of iceblast (5)
 v - a wand of paralysis (38)
 z - a wand of flame (48)
 M - a wand of light (4)
Scrolls
 c - 10 scrolls of identify {unknown}
 d - 2 scrolls of blinking
 f - 2 scrolls of magic mapping {unknown}
 h - 3 scrolls of enchant armour {unknown}
 l - a scroll of summoning {unknown}
 n - 3 scrolls of immolation {unknown}
 w - 3 scrolls of noise {unknown}
 y - 5 scrolls of teleportation {unknown}
 B - a scroll of fog {unknown}
 F - a scroll of amnesia {unknown}
 G - 2 scrolls of vulnerability {unknown}
 S - a scroll of poison {unknown}
Potions
 i - 3 potions of invisibility {unknown}
 j - 2 potions of berserk rage {unknown}
 p - a potion of flight {unknown}
 q - 11 potions of curing {unknown}
 u - 2 potions of lignification {unknown}
 x - a potion of degeneration {unknown}
 D - 4 potions of brilliance {unknown}
 E - a potion of haste {unknown}
 H - 3 potions of might {unknown}
 J - a potion of attraction {unknown}
 N - 2 potions of magic {unknown}
Miscellaneous
 I - a piece from Xom's chessboard (15/15)


   Skills:
 + Level 7.1 Fighting
 * Level 8.8 Maces & Flails
 * Level 9.2 Armour
 + Level 5.0 Dodging


You had 9 spell levels left.
You didn't know any spells.
Your spell library was empty.

Dungeon Overview and Level Annotations

Branches:
Dungeon (9/15)             Temple (0/1) D:6            Lair (0/5) D:9
  Sewer (visited)         Ossuary (visited)
    Orc: D:9-12

Altars:
Gozag
Nemelex Xobeh
Uskayaw
Yredelemnul

Shops:
D:3 [   D:6 *   D:7 (

Annotations:
D:8 3 runed translucent doors, wesleywilliam's ghost, novice MiFi


Innate Abilities, Weirdness & Mutations

You are immune to sickness and miasma.
Your stone body is resilient. (AC +7)
You are immune to poison.
You resist negative energy. (rN+)
You are resistant to electric shocks. (rElec)
You are resistant to unholy torment.
You are immune to petrification.


Message History

The acid dragon is moderately wounded.
The acid dragon bites you. The acid dragon closely misses you.
You hit the acid dragon.
The acid dragon is moderately wounded.
The acid dragon bites you.
The acid dragon claws you but does no damage.
You completely miss the acid dragon.
The acid dragon is moderately wounded.
The acid dragon bites you but does no damage.
The acid dragon barely misses you.
You hit the acid dragon.
The acid dragon is heavily wounded.
The acid dragon spits acid at you. The splash of acid misses you.
The troll closely misses you. x2
The troll claws you!
You hit the acid dragon.
The acid dragon is severely wounded.
The troll bites you. The troll claws you!
The troll claws you but does no damage.
The acid dragon bites you but does no damage.
The acid dragon barely misses you.
You hit the acid dragon.
The acid dragon is severely wounded.
The troll bites you.
* * * LOW HITPOINT WARNING * * *
The troll barely misses you. The troll claws you but does no damage.
The acid dragon bites you.
* * * LOW HITPOINT WARNING * * *
The acid dragon claws you but does no damage.
You sock the acid dragon!
You kill the acid dragon!
Trog accepts your kill.
The acid dragon scales are intact enough to wear.
The troll bites you!
* * * LOW HITPOINT WARNING * * *
The troll barely misses you. x2
Your Dodging skill increases to level 5!
You barely miss the troll. The troll bites you but does no damage.
The troll closely misses you. The troll claws you!
You die...

.........#
#.....#
.........#
#.....#
.........#
#+#...#
.........#
.........#
#######..#
#..##########
#.....T......
#....@[......
#............
#............
#............
...#+####.....
#...# .....
#...# .... ..
....


You could see a troll.

Vanquished Creatures
  A gargoyle (D:8)
  A hornet (D:8)
  A wyvern (D:8)
  An acid dragon (D:9)
  2 water moccasins
  Duvessa (D:7)
  An ice beast (D:7)
  3 centaurs
  2 ogres (D:5)
  An elf zombie (Ossuary)
  7 bullfrogs
  4 scorpions
  4 wights (D:8)
  Dowan (D:7)
  2 howler monkeys
  2 centaur zombies (Ossuary)
  2 human zombies (Ossuary)
  4 orc priests
  5 hounds
  2 sleepcaps (D:4)
  Ijyb (D:3)
  3 iguanas
  Natasha (D:3)
  2 orc wizards (D:8)
  2 mummies (Ossuary)
  11 adders
  2 shadow imps
  A white imp (D:6)
  An ufetubus (D:7)
  3 worms
  14 orcs
  19 ball pythons
  15 endoplasms
  19 giant cockroaches
  9 goblins
  4 hobgoblins
  2 jackals (D:3)
  9 quokkas
  3 bats
  9 frilled lizards (Sewer)
  3 goblin zombies (Ossuary)
  13 hobgoblin zombies (Ossuary)
  2 jackal zombies (Ossuary)
  5 kobolds
  4 kobold zombies (Ossuary)
  9 orc zombies (Ossuary)
  3 rats
216 creatures vanquished.

Notes
Turn   | Place    | Note
-------+----------+-------------------------------------------
     0 | D:1      | KittyFluff the Gargoyle Berserker began the quest for the
                  | Orb.
     0 | D:1      | Reached XP level 1. HP: 14/14 MP: 1/1
   115 | D:1      | Reached XP level 2. HP: 19/19 MP: 2/2
  1108 | D:2      | Reached XP level 3. HP: 23/23 MP: 3/3
  1376 | D:2      | Reached skill level 3 in Armour
  1687 | D:2      | Reached ** piety under Trog
  1722 | D:2      | Identified the +3 ring mail of Painted Freedom {Rampage rF+
                  | SInv}
  1981 | D:2      | Reached XP level 4. HP: 26/29 MP: 4/4
  2066 | D:3      | Found Sisubi's Armour Shoppe.
  2229 | D:3      | Found a hide-covered altar of Uskayaw.
  2404 | D:3      | Noticed Ijyb
  2452 | D:3      | Killed Ijyb
  2453 | D:3      | Reached XP level 5. HP: 33/33 MP: 5/5
  2524 | D:3      | Noticed Natasha
  2550 | D:3      | Killed Natasha
  2757 | D:3      | Found a sparkling altar of Nemelex Xobeh.
  2970 | D:4      | Reached skill level 4 in Armour
  2970 | D:4      | Reached XP level 6. HP: 34/38 MP: 6/6
  3569 | D:5      | Entered Level 5 of the Dungeon
  3593 | D:5      | Reached XP level 7. HP: 38/44 MP: 7/7
  3617 | D:5      | Reached skill level 5 in Maces & Flails
  3641 | D:5      | Reached skill level 5 in Armour
  3702 | D:5      | Found a basalt altar of Yredelemnul.
  4092 | D:5      | Reached skill level 5 in Fighting
  4260 | D:5      | Reached XP level 8. HP: 46/49 MP: 8/8
  4356 | D:6      | Reached skill level 6 in Armour
  4418 | D:6      | Found a glowing drain.
  4420 | D:6      | Reached *** piety under Trog
  4458 | Sewer    | Entered a sewer
  4829 | Sewer    | Reached **** piety under Trog
  4922 | D:6      | Found a staircase to the Ecumenical Temple.
  5562 | D:6      | Found a transporter.
  5648 | D:6      | Reached skill level 7 in Armour
  5843 | D:6      | Found Covoistry's Assorted Antiques.
  5845 | D:6      | Found a transporter.
  5856 | D:6      | Bought a pair of glowing boots for 217 gold pieces
  5856 | D:6      | Bought a dented blue amulet for 145 gold pieces
  5957 | D:7      | Found a sand-covered staircase.
  5965 | Ossuary  | Entered an ossuary
  6220 | Ossuary  | Reached XP level 9. HP: 50/55 MP: 9/9
  6263 | Ossuary  | Reached ***** piety under Trog
  6577 | D:7      | Found Ahil's Weapon Shoppe.
  6692 | D:7      | Noticed Duvessa
  6694 | D:7      | Noticed Dowan
  6723 | D:7      | Killed Duvessa
  6735 | D:7      | Killed Dowan
  7028 | D:8      | Noticed wesleywilliam's ghost (novice MiFi)
  7028 | D:8      | Found a runed translucent gate.
  7028 | D:8      | Found a runed translucent gate.
  7028 | D:8      | Found an opulent altar of Gozag.
  7028 | D:8      | Found a runed translucent gate.
  7030 | D:8      | Noticed a boulder beetle
  7075 | D:8      | Reached skill level 8 in Armour
  7328 | D:8      | Noticed a gargoyle
  7341 | D:8      | Killed a gargoyle
  7774 | D:8      | Noticed a hornet
  7784 | D:8      | Killed a hornet
  7785 | D:8      | Reached skill level 9 in Armour
  7785 | D:8      | Reached XP level 10. HP: 60/61 MP: 10/10
  7857 | D:9      | Found a staircase to the Lair.
  7857 | D:9      | Noticed an elephant
  7858 | D:9      | Noticed a two-headed ogre
  7952 | D:9      | HP: 3/63 [troll (9)]
  7953 | D:9      | Reached skill level 5 in Dodging
  7953 | D:9      | Mangled by a troll

Illustrated notes

Levels and vault maps discovered:
D:1:      mainiacjoe_arrival_reflecting_pool, layout_basic
D:2:      minmay_diamond_boxcup, layout_basic, kennysheep_generic_room_4
D:3:      layout_rooms, mainiacjoe_overflow_chevrons, mainiacjoe_overflow_paths,
          serial_shops, nicolae_shop_trees, uniq_ijyb, uniq_natasha
D:4:      layout_basic
D:5:      layout_basic, mainiacjoe_overflow_six_doors_small
D:6:      layout_basic, minmay_temple_entry_glass, gup_sewer_entry_pipe,
          serial_glass, glass_columns_a, glass_columns_c, serial_shops,
          nicolae_shop_drivethru
D:7:      layout_loops_ring, nicolae_ossuary_entry_plus, serial_shops,
          shop_fountains, uniq_duvessa
D:8:      layout_cave_pools, ebering_ghost_gozag
D:9:      layout_irregular_city, david_lair_generic,
          ebering_ghost_reflecting_pool

Skill      XL: |  1  2  3  4  5  6  7  8  9 10 |
---------------+-------------------------------+-----
Armour         | 3 4 5 7 9 |  9.2
Dodging        | 2 3 4 5 |  5.0
Maces & Flails | 4 5 7 8 |  8.8
Fighting       | 4 5 6 7 |  7.1

Action                     |  1- 3 |  4- 6 |  7- 9 | 10-12 || total
---------------------------+-------+-------+-------+-------++-------
  Melee: Mace              |   115 |   207 |   739 |    25 ||  1086
         Punch             |     3 |     3 |     7 |       ||    13
 Invoke: Berserk           |       |     2 |     2 |       ||     4
 Armour: Leather armour    |    56 |    72 |       |       ||   128
         Ring mail         |       |    47 |   456 |    20 ||   523
  Dodge: Dodged            |    84 |   164 |   462 |    23 ||   733
